 Dungeon Crawl Stone Soup version 0.31-a0-986-g5e6e4ef867 (webtiles) character file.

Game seed: 9810178832955210861

12870 voltaire321 the Tainter (level 11, -24/84 HPs)
             Began as a Demonspawn Venom Mage on Nov 8, 2023.
             Was a Priest of Wu Jian.
             Blown up by an eye of devastation (40 damage)
             ... with a bolt of energy
             ... in a Gauntlet.
             The game lasted 00:47:12 (13841 turns).

voltaire321 the Tainter (Demonspawn Venom Mage)    Turns: 13841, Time: 00:47:13

Health: -24/84     AC: 30    Str: 10    XL:     11   Next: 68%
Magic:  24/27      EV: 12    Int: 18    God:    Wu Jian [***...]
Gold:   618        SH:  0    Dex: 15    Spells: 13/20 levels left

rFire   . . .        H - +2 scimitar (flame)
rCold   . . .        J - +2 kite shield
rNeg    . . .        o - +0 acid dragon scales
rPois   .            r - +0 helmet
rElec   .            c - +2 cloak {Will+}
rCorr   +            d - +1 pair of gloves
SInv    .            F - +0 pair of boots
Will    +....        (no amulet)
Stlth   +            y - ring of magical power
HPRegen 0.34/turn    v - +4 ring of protection
MPRegen 0.20/turn

%: no teleportation
@: confused, ambrosia-drunk, fragile, studying Stealth
A: hooves 2, molten scales 2, icemail 2, condensation shield, demonic magic 1
a: Renounce Religion, Wall Jump, Serpent's Lash


You were in a Gauntlet.
You worshipped Wu Jian.
Wu Jian was most pleased with you.
You visited 3 branches of the dungeon, and saw 12 of its levels.
You also visited: Gauntlet.

You collected 657 gold pieces.
You spent 39 gold pieces at shops.

Inventory:

Hand Weapons
 f - a +3 short sword of flaming
 B - a +2 demon trident
 H - a +2 scimitar of flaming (weapon)
 I - the +9 spear "Fefea" {pain, rPois Int+4}
   (You took it off a gnoll sergeant on level 7 of the Dungeon)

   Int+4:     It affects your intelligence (+4).
   rPois:     It protects you from poison
Missiles
 k - 2 throwing nets
 G - a curare-tipped dart
Armour
 c - a +2 cloak of willpower (worn)
 d - a +1 pair of gloves (worn)
 o - +0 acid dragon scales (worn)
 r - a +0 helmet (worn)
 F - a +0 pair of boots (worn)
 J - a +2 kite shield (worn)
 K - the +2 scale mail of Juos {Str+4}
   (You took it off a gnoll sergeant on level 7 of the Dungeon)

   Str+4:     It affects your strength (+4).
Magical Staves
 m - a staff of poison
Jewellery
 e - a ring of resist corrosion
 u - a ring of ice
 v - a +4 ring of protection (right hand)
 y - a ring of magical power (left hand)
 M - the ring "Vyreugig" {rC- Dex+6 Slay+6 SInv}
   (You took it off a gnoll bouda on level 7 of the Dungeon)

   [ring of dexterity]

   Dex+6:     It affects your dexterity (+6).
   Slay+6:    It affects your accuracy & damage with ranged weapons and melee
   (+6).
   rC-:       It makes you vulnerable to cold.
   SInv:      It lets you see invisible.
Wands
 g - a wand of polymorph (19)
 E - a wand of charming (7)
 L - a wand of mindburst (2)
Scrolls
 a - a scroll of enchant armour
 q - 4 scrolls of poison
 t - 3 scrolls of fear
 w - 2 scrolls of silence
 A - a scroll of enchant weapon
 N - a scroll of identify
Potions
 b - 4 potions of cancellation
 h - 4 potions of lignification
 j - a potion of mutation {unknown}
 l - 3 potions of might
 n - a potion of berserk rage {unknown}
 p - 6 potions of curing
 s - a potion of haste {unknown}
 x - 2 potions of invisibility {unknown}
 z - 2 potions of brilliance


   Skills:
 + Level 7.5 Fighting
 + Level 3.2 Long Blades
 - Level 5.0 Armour
 + Level 7.0 Dodging
 + Level 6.5 Stealth
 + Level 2.9 Shields
 - Level 5.0 Spellcasting
 - Level 1.0 Transmutations
 + Level 6.6 Air Magic
 + Level 8.0 Poison Magic
 - Level 5.0 Evocations


You had 13 spell levels left.
You knew the following spells:

 Your Spells              Type           Power      Damage    Failure   Level
a - Sting                 Tmut/Pois      80%        1d7       16%         1
b - Poisonous Vapours     Pois/Air       60%        N/A       8%          2
c - Olgreb's Toxic Radia  Pois           33%        N/A       34%         4

Your spell library contained the following spells:

 Spells                   Type           Power      Damage    Failure   Level
 Mephitic Cloud           Conj/Pois/Air  22%        N/A       36%         3
 Hailstorm                Conj/Ice       4%         3d4       96%         3
 Anguish                  Hex/Necr       2%         N/A       100%        4
 Cause Fear               Hex            2%         N/A       100%        4
 Summon Ice Beast         Ice/Summ       4%         N/A       100%        4
 Summon Forest            Summ/Tloc      2%         N/A       100%        5
 Eringya's Noxious Bog    Tmut/Pois      10%        4d6       100%        6
 Simulacrum               Ice/Necr       2%         N/A       100%        6
 Enfeeble                 Hex            2%         N/A       100%        7
 Summon Hydra             Summ           2%         N/A       100%        7


Dungeon Overview and Level Annotations

Branches:
Dungeon (10/15)            Temple (1/1) D:7            Lair (1/5) D:9
Gauntlet (1/1)
    Orc: D:9-12

Altars:
Ashenzari
Cheibriados
Dithmenos
Fedhas
Gozag
Hepliaklqana
Kikubaaqudgha
Makhleb
Nemelex Xobeh
Okawaru
Qazlal
Ru
Sif Muna
Trog
Uskayaw
Vehumet
Wu Jian
Xom
Yredelemnul

Shops:
D:3 *   D:6 *

Portals:
Ice
Cave: Lair:1

Annotations:
D:10 2 transporters
Lair:1 2 transporters, pigah's ghost, journeyman OpSh Gauntlet 9 transporters


Innate Abilities, Weirdness & Mutations

You have hoof-like feet.
You are mostly covered in molten scales. (AC +3)
A meltable icy envelope protects you from harm. (AC +8)
A meltable shield of frost defends you. (SH +4)
Spells you cast may paralyse adjacent enemies.


Message History

Malevolent energies surge around you.
You hit the eye of devastation but do no damage.
The eye of devastation is lightly wounded.
Your magical contamination has completely faded away.
You hit the eye of devastation. You burn the eye of devastation.
The eye of devastation is moderately wounded.
You hit the eye of devastation but do no damage.
The eye of devastation is heavily wounded.
The white imp shouts, "Begone, thou dissembling shard-borne bum-bailey!"
Aiming: Sting (safe; 16% risk of failure)
Press: ? - help, Q - select action, (/) - cycle Shift-Dir - straight line, f/p - eye of devastation
Aim: an eye of devastation (heavily wounded, very poisoned, 100% to hit)
The sting hits the eye of devastation but does no damage.
The eye of devastation looks as sick as possible!
The eye of devastation is heavily wounded.
Malevolent energies surge around you. The eye of devastation gazes at you.
The bolt of energy hits you!!!
Ouch! That really hurt!
* * * LOW HITPOINT WARNING * * *
You feel better.
Aiming: Sting (safe; 16% risk of failure)
Press: ? - help, Q - select action, (/) - cycle Shift-Dir - straight line, f/p - eye of devastation
Aim: an eye of devastation (heavily wounded, extremely poisoned, 100% to hit)
The sting hits the eye of devastation.
The eye of devastation looks as sick as possible!
The eye of devastation is heavily wounded.
Malevolent energies surge around you.
Aiming: Sting (safe; 16% risk of failure)
Press: ? - help, Q - select action, (/) - cycle Shift-Dir - straight line, f/p - eye of devastation
Aim: an eye of devastation (heavily wounded, extremely poisoned, 100% to hit)
The sting hits the eye of devastation but does no damage.
The eye of devastation looks as sick as possible!
The eye of devastation is heavily wounded.
Malevolent energies surge around you.
You are confused.
You feel invigorated. The eye of devastation gazes at you.
The bolt of energy hits you!!
You die...

..............................∩.#
########..#########..#########..#
.......#..#.##.#.%#..#..^.^.p#..#
..#.#..#..##..##.##..#.8.#.#=#..#
..#.#.)#####.#..######5.....$#..≈
..#Q#.*#©©#.##©#.©#©©#58.©.#©#.§#
..#.#..#####..##.#####5.....)#..§
..#.#..#..##.#GG###..#p⌠.#.#.#.§#
.......#..#.##.#@.#..#p.^.^..#..≈
########..#########..#########..#
................................≈
...............§§...............#
#§#§#≈#≈#≈#≈#≈#§#≈#≈#≈#§#≈#≈#≈#≈#
#################################


You could see an eye of devastation (extremely poisoned), a glass eye, 2
occultists, 2 white imps and a shadow imp.

Vanquished Creatures
  Erica (D:9)
  A two-headed ogre (D:10)
  3 death yaks
  Urug (D:10)
  The ghost of hgbash the Digger, a novice GrEE of Hepliaklqana (D:7)
  A cane toad (Lair:1)
  Jeremiah (D:7)
  2 kobold demonologists (D:8)
  3 rime drakes (Lair:1)
  A glass eye (Gauntlet)
  A wyvern (D:10)
  15 yaks
  A steam dragon (D:4)
  Grum (D:9)
  An acid dragon (D:10)
  Edmund (D:4)
  Duvessa (D:7)
  A water moccasin (Lair:1)
  A sky beast (D:7)
  5 black bears
  2 orc warriors
  2 ice beasts
  2 wolves (D:9)
  3 kobold brigands (D:8)
  5 gnoll sergeants
  3 wights (D:7)
  2 scorpions (D:6)
  Dowan (D:7)
  19 killer bees
  5 howler monkeys
  4 hounds
  4 orc priests
  A sleepcap (D:7)
  4 iguanas
  2 gnoll boudas
  7 orc wizards
  Natasha (D:3)
  Robin (D:3)
  12 adders
  19 gnolls
  4 white imps
  2 ufetubi (D:7)
  2 worms
  3 dart slugs
  19 orcs
  9 endoplasms
  A giant cockroach (D:1)
  13 goblins
  10 hobgoblins
  4 quokkas
  11 ball pythons
  6 bats
  A frilled lizard (D:2)
  19 kobolds
  5 rats
251 creatures vanquished.

Notes
Turn   | Place    | Note
-------+----------+-------------------------------------------
     0 | D:1      | voltaire321 the Demonspawn Venom Mage began the quest for
                  | the Orb.
     0 | D:1      | Reached XP level 1. HP: 13/13 MP: 3/3
   227 | D:1      | Reached skill level 1 in Transmutations
   378 | D:1      | Found a faded altar of an unknown god.
   390 | D:1      | Gained mutation: A meltable shield of frost defends you.
                  | (SH +4) [demonic ancestry]
   390 | D:1      | Reached XP level 2. HP: 16/20 MP: 0/5
   649 | D:1      | Learned a level 2 spell: Poisonous Vapours
  1498 | D:2      | Gained mutation: You are partially covered in molten
                  | scales. (AC +2) [demonic ancestry]
  1498 | D:2      | Reached XP level 3. HP: 15/25 MP: 3/6
  1694 | D:2      | Reached skill level 1 in Fighting
  1948 | D:2      | Reached skill level 1 in Armour
  2650 | D:3      | Noticed Robin
  2703 | D:3      | Gained mutation: You are mostly covered in molten scales.
                  | (AC +3) [demonic ancestry]
  2703 | D:3      | Reached XP level 4. HP: 14/32 MP: 2/7
  2843 | D:3      | Killed Robin
  2844 | D:3      | Reached skill level 1 in Evocations
  2854 | D:3      | Reached skill level 1 in Air Magic
  3851 | D:3      | Found Caghuc's General Store.
  3854 | D:3      | Bought a potion of curing for 39 gold pieces
  3891 | D:3      | Gained mutation: A meltable icy envelope protects you from
                  | harm. (AC +8) [demonic ancestry]
  3891 | D:3      | Reached XP level 5. HP: 22/37 MP: 0/8
  4613 | D:4      | Noticed Natasha
  4616 | D:4      | Noticed Edmund
  4656 | D:3      | Killed Natasha
  4809 | D:4      | Learned a level 4 spell: Olgreb's Toxic Radiance
  4843 | D:4      | Gained mutation: Spells you cast may paralyse adjacent
                  | enemies. [demonic ancestry]
  4843 | D:4      | Reached XP level 6. HP: 22/44 MP: 0/10
  5094 | D:4      | Found a shimmering altar of Xom.
  5099 | D:4      | Found a burning altar of Makhleb.
  5188 | D:4      | Killed Edmund
  5189 | D:4      | Reached skill level 4 in Poison Magic
  5278 | D:4      | Noticed an ice beast
  5304 | D:4      | Killed an ice beast
  5305 | D:4      | Reached XP level 7. HP: 51/51 MP: 8/11
  5385 | D:4      | Noticed a steam dragon
  5394 | D:4      | Killed a steam dragon
  5790 | D:5      | Entered Level 5 of the Dungeon
  5847 | D:5      | Found a broken altar of Ashenzari.
  6037 | D:5      | Gained mutation: A meltable icy envelope protects you from
                  | harm. (AC +8) [demonic ancestry]
  6037 | D:5      | Reached XP level 8. HP: 27/58 MP: 0/13
  6041 | D:6      | Found Wighox's Assorted Antiques.
  7364 | D:6      | Reached skill level 5 in Poison Magic
  7780 | D:6      | Found a blossoming altar of Fedhas.
  8274 | D:7      | Found an ornate altar of the Wu Jian Council.
  8276 | D:7      | Noticed Jeremiah
  8308 | D:7      | Killed Jeremiah
  8309 | D:7      | Gained mutation: You have large cloven feet. [demonic
                  | ancestry]
  8309 | D:7      | Reached XP level 9. HP: 49/66 MP: 15/15
  8476 | D:7      | Found a staircase to the Ecumenical Temple.
  8506 | Temple   | Entered the Ecumenical Temple
  8624 | D:7      | Became a worshipper of the Wu Jian Council
  8765 | D:7      | Noticed Duvessa
  8765 | D:7      | Noticed Dowan
  8777 | D:7      | Killed Duvessa
  8783 | D:7      | Killed Dowan
  8921 | D:7      | Identified the +9 spear "Fefea" {pain, rPois Int+4}
  8921 | D:7      | Identified the +2 scale mail of Juos {Str+4}
  8934 | D:7      | Noticed hgbash's ghost (novice GrEE)
  8949 | D:7      | Identified the ring "Vyreugig" {rC- Dex+6 Slay+6 SInv}
  8990 | D:7      | Found a transporter.
  8990 | D:7      | Found a transporter.
  9649 | D:8      | Reached * piety under Wu Jian
  9650 | D:8      | Reached skill level 5 in Fighting
  9650 | D:8      | Reached skill level 5 in Spellcasting
  9694 | D:8      | Noticed a kobold demonologist
  9695 | D:8      | Noticed a kobold demonologist
  9697 | D:8      | Noticed an ice devil
  9705 | D:8      | Noticed a red devil
  9708 | D:8      | Noticed a hellwing
  9891 | D:8      | Noticed a hellwing
  9895 | D:8      | Noticed a soul eater
  9897 | D:8      | Noticed a soul eater
  9899 | D:8      | Killed a kobold demonologist
  9900 | D:8      | Reached skill level 5 in Dodging
  9900 | D:8      | Reached skill level 6 in Poison Magic
  9911 | D:8      | Killed a kobold demonologist
 10056 | D:8      | Reached skill level 5 in Evocations
 10065 | D:8      | Gained mutation: You have hoof-like feet. [demonic
                  | ancestry]
 10065 | D:8      | Reached XP level 10. HP: 69/74 MP: 17/17
 10182 | D:8      | Reached skill level 5 in Armour
 10854 | D:9      | Noticed Erica
 10870 | D:9      | Killed Erica
 10871 | D:9      | Reached skill level 5 in Air Magic
 10929 | D:9      | Reached ** piety under Wu Jian
 11013 | D:9      | Reached skill level 7 in Poison Magic
 11060 | D:9      | Found a staircase to the Lair.
 11062 | D:9      | Noticed a death yak
 11110 | D:9      | Noticed Grum
 11122 | D:9      | Killed Grum
 11426 | D:7      | Killed hgbash's ghost
 11427 | D:7      | Reached skill level 1 in Long Blades
 11541 | D:9      | Noticed a death yak
 11553 | D:9      | Noticed a death yak
 11554 | D:9      | Killed a death yak
 11555 | D:9      | Reached skill level 1 in Shields
 11991 | D:8      | Killed a death yak
 11992 | D:8      | Reached XP level 11. HP: 36/83 MP: 18/18
 12276 | D:9      | Reached skill level 5 in Stealth
 12290 | D:9      | Killed a death yak
 12641 | D:10     | Entered Level 10 of the Dungeon
 12677 | D:10     | Noticed a two-headed ogre
 12691 | D:10     | Killed a two-headed ogre
 12918 | D:10     | Noticed Urug
 12934 | D:10     | Killed Urug
 13166 | D:10     | Found a transporter.
 13166 | D:10     | Noticed a boulder beetle
 13169 | D:10     | Noticed a deep elf pyromancer
 13170 | D:10     | Noticed a frost giant
 13170 | D:10     | Noticed an ogre mage
 13178 | D:10     | Found a transporter.
 13302 | D:10     | Noticed a lindwurm
 13407 | D:11     | Identified the "Ceameips"
 13407 | Gauntlet | Identified the "Oxoumaso"
 13407 | Lair:1   | Entered Level 1 of the Lair of Beasts
 13407 | Lair:1   | Noticed pigah's ghost (journeyman OpSh)
 13407 | Lair:1   | Found a transporter.
 13407 | Lair:1   | Found a transporter.
 13468 | Lair:1   | Found a gate leading to a gauntlet.
 13469 | Lair:1   | Found a frozen archway.
 13479 | Lair:1   | Reached *** piety under Wu Jian
 13487 | Gauntlet | Entered a Gauntlet
 13487 | Gauntlet | Found a transporter.
 13487 | Gauntlet | Found a transporter.
 13491 | Gauntlet | Noticed a tengu warrior
 13621 | Gauntlet | Found a transporter.
 13622 | Gauntlet | Found a transporter.
 13625 | Gauntlet | Found a transporter.
 13625 | Gauntlet | Found a transporter.
 13628 | Gauntlet | Noticed a soul eater
 13632 | Gauntlet | Found a transporter.
 13634 | Gauntlet | Found a transporter.
 13634 | Gauntlet | Found a transporter.
 13636 | Gauntlet | Found a transporter.
 13638 | Gauntlet | Noticed a fire crab
 13643 | Gauntlet | Noticed an occultist
 13644 | Gauntlet | Found a transporter.
 13644 | Gauntlet | Found a transporter.
 13644 | Gauntlet | Noticed an occultist
 13827 | Gauntlet | Reached skill level 8 in Poison Magic
 13837 | Gauntlet | HP: 1/84 [disintegration (57)]
 13841 | Gauntlet | Blown up by an eye of devastation

Illustrated notes

Levels and vault maps discovered:
D:1:      minmay_arrival_open_corners, layout_basic,
          hellmonk_ecumenical_altar_blasted
D:2:      minmay_angry_zag, layout_basic, minmay_misc_feat_enclosed,
          hangedman_decor_clover_reticule, minmay_gold_behind_fungi
D:3:      layout_basic, serial_shops, nicolae_shop_tiny_real_fake_doors,
          serial_bayou_pond_d, minmay_diced_spiral, uniq_robin
D:4:      layout_loops_cross, brannock_xom_greatest_gift, kennysheep_mini_moat,
          hangedman_abyss_or_decor_slice, uniq_edmund, uniq_natasha
D:5:      layout_gridville, mainiacjoe_overflow_boulevard, minmay_starry_boxes
D:6:      layout_basic, fedhas_altar_decomposition, nicolae_stop_n_shop_1
D:7:      layout_loops_ring, lemuel_round_altar,
          minmay_temple_entry_statues_fountains, gammafunk_ghost_gnarly_gnolls,
          uniq_jeremiah, uniq_duvessa
D:8:      layout_basic
D:9:      layout_rooms, dpeg_lair_monsters, kennysheep_nondescript, uniq_grum,
          uniq_erica
D:10:     gammafunk_sealed_arena, layout_gridville, uniq_urug
Temple:   minmay_crystal_spiral_temple
Lair:1:   layout_roguey [special_room_bee], gauntlet_entry_generic,
          portal_ice_cave_rime, gammafunk_ghost_hive, serial_bayou_pond_c,
          nicolae_quartered_pool_little, nzn_masters_of_martial_movement,
          serial_bayou_shore_b
Gauntlet: minmay_gauntlet_mixed_big_or_small [gammafunk_gauntlet_arena_chambers,
          minmay_gauntlet_arena_77_chump_sandwich,
          gammafunk_gauntlet_arena_grid,
          minmay_gauntlet_arena_77_tiled_triplets,
          gammafunk_gauntlet_arena_mazey, minmay_gauntlet_arena_77_museum,
          nicolae_gauntlet_exit_dead_adventurers]

Skill      XL: |  1  2  3  4  5  6  7  8  9 10 11 |
---------------+----------------------------------+-----
Transmutations | 1 |  1.0
Dodging        | 2 3 4 5 6 7 |  7.0
Fighting       | 1 2 3 4 5 6 7 |  7.5
Armour         | 1 2 3 4 5 |  5.0
Evocations     | 1 2 3 4 5 |  5.0
Air Magic      | 1 2 3 4 5 6 |  6.6
Spellcasting   | 3 4 5 |  5.0
Poison Magic   | 4 5 6 7 8 |  8.0
Stealth        | 2 4 6 |  6.5
Long Blades    | 1 3 |  3.2
Shields        | 1 2 |  2.9

Action                     |  1- 3 |  4- 6 |  7- 9 | 10-12 || total
---------------------------+-------+-------+-------+-------++-------
  Melee: Unarmed           |    20 |       |       |       ||    20
         Staff             |    50 |    90 |    65 |       ||   205
         Punch             |       |     2 |     2 |     1 ||     5
         Short sword       |       |       |   111 |    34 ||   145
         Kick              |       |       |    17 |       ||    17
         Scimitar          |       |       |       |   151 ||   151
   Cast: Sting             |    75 |   115 |   183 |   109 ||   482
         Poisonous Vapours |     2 |     8 |     5 |     2 ||    17
         Olgreb's Toxic Ra |       |       |     8 |    13 ||    21
Ability: Lunge             |       |       |     3 |     4 ||     7
         Whirlwind         |       |       |     2 |     2 ||     4
  Evoke: Wand              |       |       |       |     3 ||     3
    Use: Scroll            |     8 |       |     9 |     4 ||    21
         Potion            |       |       |     1 |     2 ||     3
   Stab: Paralysed         |       |    24 |    97 |    58 ||   179
         Sleeping          |       |       |     2 |       ||     2
 Armour: Robe              |    46 |    91 |    82 |       ||   219
         Leather armour    |       |       |    82 |   113 ||   195
         Acid dragon scale |       |       |       |    21 ||    21
  Dodge: Dodged            |    60 |    83 |   137 |    94 ||   374
  Block: Other             |    10 |    32 |    44 |    12 ||    98
         Kite shield       |       |       |       |    88 ||    88

Table legend: (Time is in decaauts)
 A = Elapsed time spent in this place.
 B = Non-inter-level travel time spent in this place.
 C = Inter-level travel time spent in this place.
 D = Time resting spent in this place.
 E = Time spent auto-exploring this place.
 F = Levels seen in this place.
 G = Mean time per level.
                   A        B        C        D        E       F      G
               +--------+--------+--------+--------+--------+-----+--------+
         Total |  13960 |  13314 |    646 |   3390 |   6649 |  13 | 1073.8 |
       Dungeon |  13459 |  12863 |    596 |   3257 |   6649 |  10 | 1345.9 |
        Temple |     51 |      1 |     50 |      0 |      0 |   1 |   51.0 |
          Lair |     90 |     90 |      0 |      0 |      0 |   1 |   90.0 |
      Gauntlet |    357 |    357 |      0 |    133 |      0 |   1 |  357.0 |
               +--------+--------+--------+--------+--------+-----+--------+

Top non-repeatable levels by time:
     D:3: 2042 daAuts
     D:8: 1555 daAuts
     D:7: 1430 daAuts
     D:9: 1419 daAuts
     D:2: 1399 daAuts
     D:6: 1276 daAuts
     D:4: 1257 daAuts
     D:5: 1180 daAuts
     D:1: 1149 daAuts
    D:10: 750 daAuts
Gauntlet: 357 daAuts
  Lair:1: 90 daAuts
  Temple: 51 daAuts
